 Dungeon Crawl Stone Soup version 0.18-a0-750-g37044d6 (webtiles) character file.

878 gorblad the Skirmisher (level 7, -8/60 HPs)
             Began as a Yellow Draconian Assassin on Dec 11, 2015.
             Killed by nerve-wracking pain
             ... invoked by an orc priest
              (12 damage)
             ... on level 4 of the Dungeon.
             The game lasted 00:13:25 (5445 turns).

gorblad the Skirmisher (Yellow Draconian Assassin)  Turns: 5445, Time: 00:13:26

Health: -8/60      AC:  8    Str: 20    XL:     7   Next: 75%
Magic:  7/7        EV: 13    Int: 11    God:
Gold:   205        SH:  5    Dex: 14    Spells: 0 memorised, 6 levels left

rFire  . . .     SeeInvis .     k - +2 dagger (flame)
rCold  . . .     Clarity  .     (armour unavailable)
rNeg   . . .     SustAt   .     h - +0 buckler
rPois  .         Gourm    .     (helmet restricted)
rElec  .         Spirit   .     c - +0 cloak
rCorr  +         Dismiss  .     (no gloves)
rMut   .         Stasis   .     l - +0 pair of boots
MR     .....                    (no amulet)
Stlth  +++.......               r - ring of invisibility
                                j - +6 ring of strength

@: not resistant to hostile enchantments, fairly stealthy
A: spit acid, acid resistance, unfitting armour, cold-blooded, AC +6
a: Spit Acid, Evoke Invisibility


You were on level 4 of the Dungeon.
You were not hungry.

You visited 1 branch of the dungeon, and saw 4 of its levels.
You also visited: Ossuary.

You collected 205 gold pieces.

Inventory:

Hand Weapons
 a - a +2 dagger
 b - a +0 blowgun
 k - a +2 dagger of flaming (weapon)
Missiles
 d - 27 poisoned needles
 e - 2 curare-tipped needles
Armour
 c - a +0 cloak (worn)
 h - a +0 buckler (worn)
 l - a +0 pair of boots (worn)
Jewellery
 j - a +6 ring of strength (left hand)
 p - an uncursed ring of flight
 r - a ring of invisibility (right hand)
Wands
 n - a wand of polymorph (6)
Scrolls
 q - a scroll of recharging
 t - 2 scrolls of remove curse
 u - 2 scrolls of teleportation
 v - a scroll of magic mapping
Potions
 g - a potion of lignification {unknown}
 i - a potion of curing
Miscellaneous
 o - a plain deck of wonders
Comestibles
 f - 3 bread rations
 m - 2 meat rations


   Skills:
 + Level 4.9 Fighting
 + Level 4.0 Short Blades
 - Level 1.7 Throwing
 * Level 3.6 Dodging
 + Level 4.9 Stealth
 - Level 4.2 Shields


You had 6 spell levels left.
You didn't know any spells.

Dungeon Overview and Level Annotations

Branches:
Dungeon (4/15)
 Temple: D:4-7

Altars:
Ashenzari
Nemelex Xobeh


Innate Abilities, Weirdness & Mutations

You can spit globs of acid.
You are resistant to acid.
Your golden yellow scales are hard (AC +6).
Your body does not fit into most forms of armour.
You are cold-blooded and may be slowed by cold attacks.


Message History

The orc priest is almost dead.
You block the crimson imp's attack. The orc hits you with a whip.
* * * LOW HITPOINT WARNING * * *
You hit the orc priest but do no damage.
The orc priest is almost dead.
The orc priest hits you but does no damage.
The crimson imp blinks!
The orc priest barely misses you. The orc hits you but does no damage.
You hit the orc priest. You burn the orc priest.
You kill the orc priest!
Your Short Blades skill increases to level 4!
The orc priest closely misses you. The orc barely misses you.
The crimson imp hits you.
* * * LOW HITPOINT WARNING * * *
You hit the crimson imp.
The crimson imp is moderately wounded.
You block the orc's attack.
The orc priest invokes the aid of Beogh against you.
Pain shoots through your body!
You die...

.......### #.).#.##
......### ##..#... #
### ######..#... ..
............. ..)#
#######...... .....##
##....[< ....o..##
#.....)[ #oo##
######.#....#
##o@####........##.#
#####.5.....#####.##..
#..........#### #....)
...............###.....
##....#.######......)..
#......# ##........
#....### #.##.....
#.... #.##..).. #...
..##.....


You could see an orc priest, a crimson imp and 3 orcs.

Vanquished Creatures
  Grinder (D:3)
  Sigmund (D:4)
  A scorpion (D:4)
  2 orc priests
  A centaur skeleton (D:4)
  2 orc wizards (D:4)
  5 big kobold zombies (Ossuary)
  A mummy (Ossuary)
  Robin (D:3)
  4 adders
  2 gnolls (D:1)
  An adder skeleton (D:4)
  3 worms
  3 giant geckos
  8 orcs
  3 spectral bats (Ossuary)
  11 bats
  3 giant cockroaches
  7 gnoll zombies (Ossuary)
  15 hobgoblins
  10 jackals
  A quokka (D:4)
  3 bat simulacra (Ossuary)
  3 giant newts
  12 goblins
  A goblin simulacrum (Ossuary)
  6 goblin zombies (Ossuary)
  3 hobgoblin zombies (Ossuary)
  9 kobolds
  5 kobold simulacra (Ossuary)
  7 kobold zombies (Ossuary)
  2 orc zombies (Ossuary)
  5 rats
  2 rat simulacra (Ossuary)
  3 spectral kobolds (Ossuary)
  6 spectral rats (Ossuary)
  A bush (D:2)
154 creatures vanquished.

Notes
Turn   | Place    | Note
--------------------------------------------------------------
     0 | D:1      | gorblad the Draconian Assassin began the quest for the Orb.
     0 | D:1      | Reached XP level 1. HP: 17/17 MP: 1/1
     8 | D:1      | Reached skill level 1 in Dodging
   302 | D:1      | Reached XP level 2. HP: 15/25 MP: 2/2
   790 | D:1      | Reached XP level 3. HP: 14/30 MP: 3/3
  1447 | D:2      | Found a sparkling altar of Nemelex Xobeh.
  2300 | D:2      | Reached XP level 4. HP: 35/38 MP: 4/4
  2326 | D:3      | Reached skill level 4 in Stealth
  2733 | D:3      | Reached XP level 5. HP: 18/46 MP: 5/5
  2801 | D:3      | Found a shattered altar of Ashenzari.
  3031 | D:3      | Noticed Robin
  3064 | D:3      | Killed Robin
  3064 | D:3      | Reached skill level 1 in Shields
  3164 | D:3      | Noticed Grinder
  3513 | D:3      | Paralysed by Grinder for 5 turns
  3885 | D:3      | Killed Grinder
  3885 | D:3      | Reached XP level 6. HP: 6/52 MP: 6/6
  4485 | D:4      | Found a sand-covered staircase.
  4494 | D:4      | Noticed Sigmund
  4504 | D:4      | Killed Sigmund
  4504 | D:4      | Your scales start taking on a golden yellow colour.
  4504 | D:4      | Reached XP level 7. HP: 22/60 MP: 7/7
  4526 | Ossuary  | Entered an ossuary
  5445 | D:4      | Killed from afar by an orc priest

Vault maps used:
D:1:      elethiomel_arrival_shortcut
D:2:      serial_forest, infiniplex_forest_clump_tiny,
          infiniplex_forest_clump_small, infiniplex_forest_clump_medium,
          infiniplex_forest_clump_diagonal, infiniplex_forest_3_way,
          infiniplex_forest_clump_medium, first_bread, nemelex_deck
D:3:      overflow_temple_1_default, uniq_grinder, uniq_robin
D:4:      enter_ossuary_1, minmay_close_crescents, uniq_sigmund
Ossuary:  ossuary_zaba_two_paths

Action                   |  1- 3 |  4- 6 |  7- 9 || total
-------------------------+-------+-------+-------++-------
Melee: Dagger            |   333 |   272 |   237 ||   842
  Use: Scroll            |     4 |     6 |     2 ||    12
       Potion            |       |     3 |       ||     3
 Stab: Sleeping          |     6 |     2 |    11 ||    19
       Distracted        |     1 |     1 |       ||     2
  Eat: Chunk             |     5 |     7 |       ||    12
       Meat ration       |       |       |     1 ||     1
